 Dungeon Crawl Stone Soup version 0.31-a0-818-ge7c7cf74f0 (webtiles) character file.

Game seed: 9784604399320864822

78 Essalna the Digger (level 4, -1/30 HPs)
             Began as a Demonspawn Earth Elementalist on Sept 23, 2023.
             Slain by a hound (2 damage)
             ... on level 4 of the Dungeon.
             The game lasted 00:02:25 (2104 turns).

Essalna the Digger (Demonspawn Earth Elementalist)  Turns: 2104, Time: 00:02:25

Health: -1/30      AC:  5    Str:  9    XL:     4   Next: 15%
Magic:  8/8        EV: 12    Int: 18    God:
Gold:   155        SH:  0    Dex: 13    Spells: 8/9 levels left

rFire   . . .        (no weapon)
rCold   . . .        (no shield)
rNeg    . . .        a - +0 robe
rPois   .            (helmet restricted)
rElec   .            (no cloak)
rCorr   .            (no gloves)
SInv    .            d - +0 pair of boots
Will    .....        (no amulet)
Stlth   ++           (no ring)
HPRegen 0.25/turn    (no ring)
MPRegen 0.11/turn

%: no passive effects
@: no status effects
A: antennae 2, molten scales 1
a: no special abilities


You were on level 4 of the Dungeon.
You visited 1 branch of the dungeon, and saw 4 of its levels.

You collected 155 gold pieces.

Inventory:

Armour
 a - a +0 robe (worn)
 d - a +0 pair of boots (worn)
 e - a +1 helmet
Jewellery
 j - a ring of fire
Scrolls
 f - a scroll of enchant weapon {unknown}
 g - a scroll of fear {unknown}
 h - 4 scrolls of teleportation {unknown}
 k - a scroll of revelation {unknown}
Potions
 c - a potion of degeneration {unknown}
 i - 2 potions of mutation {unknown}
 l - a potion of heal wounds {unknown}


   Skills:
 - Level 1.7 Dodging
 - Level 1.7 Stealth
 + Level 3.2 Spellcasting
 - Level 0.8 Transmutations
 + Level 3.7 Earth Magic


You had 8 spell levels left.
You knew the following spells:

 Your Spells              Type           Power      Damage    Failure   Level
a - Sandblast             Erth           32%        2d9       3%          1

Your spell library contained the following spells:

 Spells                   Type           Power      Damage    Failure   Level
 Passwall                 Tmut/Erth      9%         N/A       10%         2
 Stone Arrow              Conj/Erth      18%        3d8       22%         3
 Petrify                  Tmut/Erth      11%        N/A       52%         4
 Brom's Barrelling Bould  Conj/Erth      9%         2d3       58%         4


Dungeon Overview and Level Annotations

Branches:
Dungeon (4/15)
 Temple: D:4-7

Altars:

Shops:
D:1 (


Innate Abilities, Weirdness & Mutations

You have a pair of antennae on your head.
You are partially covered in molten scales. (AC +2)


Message History

Aiming: Sandblast (safe; 3% risk of failure)
Press: ? - help, Shift-Dir - straight line, f/p - iguana
Aim: an iguana (almost dead, 84% to hit)
The blast of sand hits the iguana.
You kill the iguana!
You have reached level 4!
You feel stronger.
Your demonic ancestry asserts itself...
The antennae on your head grow some more.
Magic restored.
A hound comes into view.
An adder comes into view.
The hound bites you but does no damage. The hound closely misses you.
The hound bites you. The hound barely misses you. The hound barely misses you.
The hound bites you but does no damage. The hound misses you.
The hound bites you but does no damage. The hound bites you but does no damage.
The hound misses you. The hound bites you but does no damage.
The hound misses you. The hound bites you but does no damage.
The hound closely misses you. The hound barely misses you. The hound bites you.
The hound bites you.
* * * LOW HITPOINT WARNING * * *
The hound barely misses you. The hound bites you.
* * * LOW HITPOINT WARNING * * *
The hound bites you but does no damage. The hound barely misses you.
The hound closely misses you. The hound bites you but does no damage.
The hound closely misses you. The hound completely misses you.
The hound bites you.
* * * LOW HITPOINT WARNING * * *
The hound stops to sniff the ground.
The hound closely misses you. The hound bites you but does no damage.
The hound bites you but does no damage. The hound bites you.
* * * LOW HITPOINT WARNING * * *
The hound closely misses you. The hound bites you.
You die...

##..###.## #
........#.#.
.......#...
#..........
..........
#......#..
#.........
#@h......
#..)..S..
.....#...
##....# .
##.....
.##... .#
.... ## ...


You could see a hound and an adder.

Vanquished Creatures
  An iguana (D:4)
  A river rat (D:3)
  A worm (D:3)
  A dart slug (D:1)
  An endoplasm (D:1)
  2 giant cockroaches (D:1)
  3 goblins
  5 hobgoblins
  2 quokkas
  8 ball pythons
  5 bats
  3 frilled lizards (D:1)
  A kobold (D:1)
  2 rats
36 creatures vanquished.

Notes
Turn   | Place    | Note
-------+----------+-------------------------------------------
     0 | D:1      | Essalna the Demonspawn Earth Elementalist began the quest
                  | for the Orb.
     0 | D:1      | Reached XP level 1. HP: 13/13 MP: 3/3
   374 | D:1      | Gained mutation: You are partially covered in molten
                  | scales. (AC +2) [demonic ancestry]
   374 | D:1      | Reached XP level 2. HP: 19/19 MP: 1/5
   879 | D:1      | Found Ketuper's Weapon Emporium.
  1539 | D:2      | Found a faded altar of an unknown god.
  1597 | D:2      | Gained mutation: You have a pair of small antennae on your
                  | head. [demonic ancestry]
  1597 | D:2      | Reached XP level 3. HP: 24/24 MP: 5/7
  2058 | D:4      | Gained mutation: You have a pair of antennae on your head.
                  | [demonic ancestry]
  2058 | D:4      | Reached XP level 4. HP: 7/30 MP: 6/8
  2100 | D:4      | HP: 1/30 [hound (2)]
  2104 | D:4      | Slain by a hound

Illustrated notes

Levels and vault maps discovered:
D:1:      dpeg_arrival_houses_and_road, layout_basic, serial_shops,
          nicolae_shop_rolling_square, st_stairs_5, chequers_big_river
D:2:      layout_basic, chequers_ecumenical_altar_lobes, minmay_tetromino_s4,
          uniq_natasha
D:3:      minmay_inner_zag, layout_rooms, xom_butterflies,
          kiku_gazebo_garden_becter, bloody_makhleb, gup_sewer_entry_spiral
D:4:      layout_cave_pools, yredelemnul_forgotten_temple_becter,
          kennysheep_mini_moat, st_stairs_1, uniq_robin, uniq_ijyb,
          uniq_eustachio

Skill      XL: |  1  2  3 |
---------------+----------+-----
Earth Magic    | 3 |  3.7
Spellcasting   | 3 |  3.2
Dodging        | |  1.7
Stealth        | |  1.7
Transmutations | |  0.8

Action                     |  1- 3 |  4- 6 || total
---------------------------+-------+-------++-------
  Melee: Unarmed           |     1 |       ||     1
   Cast: Sandblast         |    55 |       ||    55
    Use: Potion            |     1 |       ||     1
 Armour: Robe              |    14 |    17 ||    31
  Dodge: Dodged            |    14 |    15 ||    29

Table legend: (Time is in decaauts)
 A = Elapsed time spent in this place.
 B = Non-inter-level travel time spent in this place.
 C = Inter-level travel time spent in this place.
 D = Time resting spent in this place.
 E = Time spent auto-exploring this place.
 F = Levels seen in this place.
 G = Mean time per level.
                   A        B        C        D        E       F      G
               +--------+--------+--------+--------+--------+-----+--------+
         Total |   2139 |   2072 |     67 |      0 |   1822 |   4 |  534.8 |
       Dungeon |   2139 |   2072 |     67 |      0 |   1822 |   4 |  534.8 |
               +--------+--------+--------+--------+--------+-----+--------+

Top non-repeatable levels by time:
     D:1: 1441 daAuts
     D:2: 426 daAuts
     D:3: 210 daAuts
     D:4: 61 daAuts
